[Event "*** SCC Grand Prix: Titled Tuesday Blitz"]
[Site "Chess.com"]
[Date "2020.07.21"]
[Round "4"]
[White "winniethepooh04"]
[Black "Cambek64"]
[Result "0-1"]
[WhiteElo "2124"]
[BlackElo "2354"]
[TimeControl "180+1"]
[EndTime "10:39:42 PDT"]
[Termination "Cambek64 won by resignation"]

1. e4 e6 2. d4 d5 3. Nd2 Nc6 4. c3 e5 5. Ngf3 exd4 6. exd5 Qxd5 7. Bc4 Qh5 8. O-O Bd6 9. h3 Nge7 10. cxd4 O-O 11.
Ne4 Ng6 12. Nxd6 cxd6 13. Nh2 Qxd1 14. Rxd1 Na5 15. Bb5 a6 16. Ba4 b5 17. Bc2 Bb7 18. d5 Ne5 19. Bg5 Rfe8 20. b3 h6 21. Bf4 Rad8 22.
Bxe5 Rxe5 23. Rd2 Rxd5 24. Rad1 Rxd2 25. Rxd2 Nc6 26. Be4 Kf8 27. Nf3 Na5 28. Bxb7 Nxb7 29.
Nd4 Rc8 30. f3 g6 31. Kf2 Rc5 32. Ke3 b4 33. Rc2 Ke7 34. Nc6+ Kd7 35. Rxc5 dxc5 36. Ne5+ Ke6 37. Ng4 Nd6 38. Nxh6 f5 39. g4 g5 40.
gxf5+ Nxf5+ 41. Nxf5 Kxf5 42. Kd3 Kf4 43. Kc4 Kxf3 44.
Kxc5 a5 45. Kb5 Kg3 46. Kxa5 Kxh3 47. Kxb4 g4 48. a4 g3 49. a5 g2 50. Kb5 g1=Q 51.
a6 Qg5+ 52. Kb6 Qe3+ 53. Kc7 Qc3+ 54. Kb7 Qxb3+ 55. Ka8 Qd5+ 56. Kb8 Qb5+ 57. Ka7 Kg3 58. Ka8 Qxa6+ 59. Kb8 Qc6 60. Ka7 Qb5 61. Ka8 Kf4 0-1

[Event "*** SCC Grand Prix: Titled Tuesday Blitz"]
[Site "Chess.com"]
[Date "2020.07.21"]
[Round "4"]
[White "Revnov"]
[Black "Gabix_94"]
[Result "0-1"]
[WhiteElo "2725"]
[BlackElo "2890"]
[TimeControl "180+1"]
[EndTime "10:39:43 PDT"]
[Termination "Gabix_94 won by resignation"]

1. b3 Nf6 2. Bb2 g6 3. e3 Bg7 4. Nf3 O-O 5. d4 d6 6. c4 c5 7.
Nc3 cxd4 8. Nxd4 Nc6 9. Nxc6 bxc6 10. Bd3 Qa5 11. O-O Ng4 12. Rc1 Rb8 13. h3 Ne5 14.
Be2 Be6 15. Ba1 Nd7 16. Qd2 Rfd8 17. Rfd1 Qc7 18. Nd5 Bxd5 19. cxd5 c5 20. Bxg7 Kxg7 21. e4 Qb6 22. Kh1 Qb4 23. Qe3 a5 24. f4 Nf6 25.
Bc4 a4 26. e5 Ne8 27. Rf1 axb3 28. axb3 Ra8 29. f5 Ra7 30. fxg6 hxg6 31. Rc2 dxe5 32. Qxe5+ f6 33. Qg3 Nd6 34. Bd3 g5 35. Bc4 Rh8 36. Re1 Rh4 37. Rce2 Nf5 38. Qf2 Rf4 39. Qg1 Ng3+ 40. Kh2 Nxe2 41. Rxe2 Qb8 42. Kh1 Qd6 43. Re1 Rf5 44. Qe3 Re5 45. Qf2 Rxe1+ 46. Qxe1 Ra2 47. b4 Rb2 48. bxc5 Qxc5 49. Bf1 Rb7 50. Qe4 Qc1 51. Kg1 Rd7 52. Qe6 Qc5+ 53. Kh1 Qxd5 54. Qe3 Qd4 55. Qe2 Qd1 56. Qf2 e5 57. Qf5 Rd4 58. g3 e4 59. h4 Qf3+ 60. Qxf3 exf3 61. hxg5 fxg5 62.
Kg1 g4 63. Kf2 Kf6 64. Ke3 Ke5 65. Ba6 Ra4 66. Bc8 Ra3+ 67. Kf2 Ra4 68. Ke3 Re4+ 69. Kf2 Kf6 70. Ba6 Ra4 71. Bf1 Ra2+ 72. Ke3 Ke5 0-1

[Event "*** SCC Grand Prix: Titled Tuesday Blitz"]
[Site "Chess.com"]
[Date "2020.07.21"]
[Round "4"]
[White "GMBenjaminBok"]
[Black "aliba25"]
[Result "1-0"]
[WhiteElo "2873"]
[BlackElo "2633"]
[TimeControl "180+1"]
[EndTime "10:39:43 PDT"]
[Termination "GMBenjaminBok won by resignation"]

1. d4 Nf6 2. c4 c5 3. Nf3 cxd4 4. Nxd4 e5 5. Nb5 d5 6. cxd5 Bc5 7. e3 O-O 8. N5c3 e4 9. a3 a5 10. Nd2 Bf5 11.
Be2 Re8 12. b3 Nxd5 13. Nxd5 Qxd5 14. Bb2 Nc6 15. Nc4 Qe6 16. Qc2 Rac8 17. O-O b5 18. Nd2 Ne5 19. Qb1 Nd3 20. Rd1 Red8 21. Nf1 Qxb3 22.
Bd4 Qxb1 23. Raxb1 Bxd4 24. exd4 b4 25. Bxd3 exd3 26.
axb4 axb4 27. Rxb4 Bg6 28. Ne3 Rd7 29. d5 h6 30. f4 Re8 31. Kf2 Rde7 32. f5 Rxe3 33. fxg6 fxg6 34. d6 Re2+ 35. Kf1 d2 36. Rbb1 R2e6 37.
Rxd2 Rd8 38. Rbd1 Rd7 39. Kf2 Kf7 40. Kf3 Rf6+ 41. Kg3 Re6 42. Kf4 g5+ 43. Kg4 Kf6 44. Rf2+ Kg6 45. Rfd2 Kf6 46. Kf3 Kf5 47. Rd5+ Kf6 48.
R1d2 Re5 49. R5d4 Ke6 50. Kg4 Kf6 51. Kh5 Kf7 52. Rf2+ Ke6 53. Kg6 Rd5 54. Rxd5 Kxd5 55. Rd2+ Ke6 56. Rd1 Ke5 57. Re1+ Kxd6 58. Rd1+ Ke6 59. Rxd7 Kxd7 60. Kxg7 h5 61. Kg6 1-0

[Event "*** SCC Grand Prix: Titled Tuesday Blitz"]
[Site "Chess.com"]
[Date "2020.07.21"]
[Round "4"]
[White "sergiochess83"]
[Black "SantoBlue"]
[Result "0-1"]
[WhiteElo "2838"]
[BlackElo "2732"]
[TimeControl "180+1"]
[EndTime "10:39:44 PDT"]
[Termination "SantoBlue won by checkmate"]

1. e4 e5 2. Nf3 Nc6 3. Bb5 a6 4. Ba4 Nf6 5. O-O Be7 6. d3 b5 7. Bb3 d6 8. a4 Bd7 9. Bd2 O-O 10. h3 Rb8 11. axb5 axb5 12. Nc3 Kh8 13. Nd5 Nxd5 14. exd5 Nd4 15. Nxd4 exd4 16. Qf3 Bf6 17. Rfe1 Re8 18.
g4 h6 19. Rxe8+ Qxe8 20. Bxh6 Qd8 21. Bd2 g5 22. h4 Kg7 23. h5 Qc8 24. h6+ Kg6 25.
Qe4+ Kxh6 26. Kg2 Kg7 27. Rh1 Qg8 28. f4 Re8 29. Qf3 Kf8 30. f5 Ke7 31. Ra1 Be5 32.
Qh3 Qg7 33. Qh5 Rh8 34. Qxg5+ Qxg5 35. Bxg5+ f6 36. Bc1 Rh2+ 37. Kf3 Rh3+ 38. Kf2 Rh1 39. g5 Bxf5 40. gxf6+ Kf7 41. Kg2 Re1 42. Kf3 Rf1+ 43. Ke2 Rh1 44. Ra7 Rxc1 45. Rxc7+ Kxf6 46. Rb7 Rg1 47.
Rxb5 Bg4+ 48. Kf2 Rh1 49. Rb8 Rh3 50. Kg2 Rh2+ 51. Kg1 Kg5 52. Rf8 Rd2 53. Ba4 Bf4 54. Rh8 Be3+ 55. Kf1 Bf3 56. Rg8+ Kh6 57. Rh8+ Kg7 58.
Rd8 Rd1# 0-1

[Event "*** SCC Grand Prix: Titled Tuesday Blitz"]
[Site "Chess.com"]
[Date "2020.07.21"]
[Round "4"]
[White "Mikhail_Golubev"]
[Black "Orest_Vovk"]
[Result "1/2-1/2"]
[WhiteElo "2601"]
[BlackElo "2399"]
[TimeControl "180+1"]
[EndTime "10:39:44 PDT"]
[Termination "Game drawn - insufficient material"]

1. e4 g5 2. d4 g4 3. Qxg4 d5 4. Qe2 dxe4 5. Qxe4 Nf6 6. Qd3 Nc6 7. Nf3 Bg4 8. Ne5 Qxd4 9. Nxc6 Qxd3 10. Bxd3 bxc6 11. Nc3 Nd5 12. Ne4 Nb4 13. Bf4 Nxd3+ 14. cxd3 O-O-O 15. Rc1 Rxd3 16. O-O Bd7 17. Rfd1 Rxd1+ 18. Rxd1 Bg7 19. b3 Rd8 20. Nc5 Bg4 21. Rxd8+ Kxd8 22. Na6 Bc8 23. Nb4 Bb7 24. Be3 a6 25. Nd3 e6 26.
Nc5 Bc8 27. Kf1 Be5 28. h3 Ke7 29. Ke2 f5 30. f4 Bf6 31. Nd3 Kd6 32. Bc5+ Kd5 33.
Bb4 Bd4 34. Bf8 c5 35. Be7 a5 36. Bd8 Kc6 37. Ne5+ Kd6 38. Bf6 Kd5 39. Kf3 Ba6 40.
Nd7 Bxf6 41. Nxf6+ Kd4 42. Nd7 c4 43. bxc4 Bxc4 44.
Ne5 Bxa2 45. Nc6+ Kd3 46. Nxa5 c5 47. g4 fxg4+ 48. hxg4 c4 49. Nc6 Bb3 50. Ne5+ Kd2 51. Nxc4+ Bxc4 52. Ke4 Bd5+ 53. Ke5 Ke3 54. f5 exf5 55.
gxf5 Bf7 56. Kf6 h5 57. Kxf7 h4 58. Kg7 h3 59. f6 h2 60. f7 h1=Q 61. f8=Q Qg2+ 62.
Kh8 Qf3 63. Qxf3+ Kxf3 1/2-1/2

[Event "*** SCC Grand Prix: Titled Tuesday Blitz"]
[Site "Chess.com"]
[Date "2020.07.21"]
[Round "4"]
[White "Chess_Boxer123"]
[Black "checkmatequen"]
[Result "1-0"]
[WhiteElo "2575"]
[BlackElo "2303"]
[TimeControl "180+1"]
[EndTime "10:39:47 PDT"]
[Termination "Chess_Boxer123 won on time"]

1. d4 Nf6 2. c4 e6 3. Nc3 c5 4.
d5 exd5 5. cxd5 d6 6. Nf3 g6 7. Nd2 Bg7 8. e4 O-O 9. Be2 Re8 10. O-O Na6 11. f3 Nc7 12. a4 b6 13. Kh1 Ba6 14.
Nc4 Rb8 15. Bg5 Qd7 16. Qd2 Bxc4 17. Bxc4 a6 18. Be2 b5 19. a5 b4 20. Na4 Nb5 21. Nb6 Qe7 22. Bxb5 axb5 23. Rfe1 Qc7 24. e5 Nd7 25.
exd6 Qxd6 26. Rxe8+ Rxe8 27. Nxd7 Qxd7 28. a6 c4 29.
Qxb4 Qxd5 30. a7 Ra8 31. Be3 Qe5 32. Bb6 Qxb2 33. Qxb2 Bxb2 34. Rd1 Bf6 35. Rd6 Kg7 36. Rc6 c3 37. g4 b4 38. g5 Bxg5 39. Rc4 Be7 40.
Kg2 Kf6 41. Kf2 Ke6 42. Ke3 Kd5 43. Kd3 Bd6 44. Bg1 f5 45. f4 Re8 46. h3 h6 47.
Rd4+ Kc5 48. Rc4+ Kd5 49. Rd4+ Kc6 50. Rc4+ Kd7 51. Rd4 g5 52. fxg5 hxg5 53. Kc2 f4 54. Rd1 f3 55. Bh2 Re2+ 56. Kb3 Rb2+ 57. Kc4 Ra2 58. Bxd6 1-0

[Event "*** SCC Grand Prix: Titled Tuesday Blitz"]
[Site "Chess.com"]
[Date "2020.07.21"]
[Round "4"]
[White "Reader777"]
[Black "Dr-Bassem"]
[Result "1/2-1/2"]
[WhiteElo "2664"]
[BlackElo "2832"]
[TimeControl "180+1"]
[EndTime "10:39:50 PDT"]
[Termination "Game drawn - insufficient material"]

1. d4 e6 2. c4 f5 3. Nc3 Nf6 4. e3 Bb4 5. Bd2 b6 6. Bd3 Bb7 7. f3 Nh5 8. Qe2 O-O 9. Nh3 d6 10. O-O e5 11. a3 Bxc3 12. Bxc3 Nd7 13. Rad1 Qh4 14. Qf2 Qe7 15. Bc2 Rae8 16. d5 a5 17. Rde1 Ba6 18. Bd3 Nc5 19. Be2 Na4 20. Rc1 f4 21.
Rfe1 Bc8 22. e4 Nxc3 23. Rxc3 Bxh3 24. gxh3 Rf6 25. Kh1 Rg6 26. Rg1 Rxg1+ 27. Qxg1 Qh4 28. Bf1 Rf8 29. Rc2 Nf6 30. Rg2 Rf7 31. Rg5 Kf8 32.
Rf5 h6 33. b4 Qe1 34. h4 axb4 35. axb4 Qxb4 36. h5 Qe1 37. Bd3 Qxg1+ 38. Kxg1 Nd7 39. Rxf7+ Kxf7 40. Kg2 Nf6 41. Kf2 Nxh5 42. Ke2 Nf6 43. Kd2 g5 44. Bf1 h5 45. h3 g4 46. hxg4 hxg4 47. Bg2 gxf3 48. Bxf3 Kg6 49. Kc3 Nh7 50. Kb4 Ng5 51. Bh1 f3 52. Kb5 f2 53. Bg2 Kf6 54. Kc6 Nxe4 55. Kxc7 Ke7 56. Kxb6 Nd2 57. c5 dxc5 58.
Kxc5 f1=Q 59. Bxf1 Nxf1 60. d6+ Ke6 61. d7 Kxd7 62. Kd5 e4 63. Kxe4 1/2-1/2

[Event "*** SCC Grand Prix: Titled Tuesday Blitz"]
[Site "Chess.com"]
[Date "2020.07.21"]
[Round "4"]
[White "eightbyeightchess"]
[Black "skiff134"]
[Result "1/2-1/2"]
[WhiteElo "2437"]
[BlackElo "2559"]
[TimeControl "180+1"]
[EndTime "10:39:50 PDT"]
[Termination "Game drawn by repetition"]

1. e4 c6 2. d4 d5 3. e5 c5 4.
dxc5 e6 5. Bd3 Bxc5 6. Qg4 Ne7 7. Qxg7 Rg8 8. Qxh7 Rxg2 9. Nh3 Nbc6 10. Nc3 Qb6 11. Na4 Qb4+ 12. Kf1 Qxa4 13. Kxg2 Qg4+ 14.
Kf1 Bd7 15. Qh8+ Ng8 16. Bg5 Ne7 17. Rg1 Qf3 18. Be2 Qf5 19. Bxe7 Kxe7 20. Rxg8 Rxg8 21. Qxg8 Qxh3+ 22. Qg2 Qf5 23. Bd3 Qxe5 24. Re1 Qf4 25. Qg3 Qh6 26. h4 Bd6 27. Qg5+ Qxg5 28. hxg5 e5 29.
f3 f5 30. gxf6+ Kxf6 31. Kg2 Kg5 32. Rh1 Bc6 33. Kf2 Bc5+ 34. Ke2 Kf4 35. Rh4+ Kg5 36. Rh7 e4 37. fxe4 dxe4 38. Bc4 Bb6 39. a4 Kf4 40. Bb5 Bd5 41. Rd7 Be6 42. Rxb7 Bg4+ 43. Ke1 e3 44. Rf7+ Ke5 45. Re7+ Kf4 46. Bd3 Bc5 47. Re4+ Kf3 48. c3 Bd6 49. Rxg4 Kxg4 50. Ke2 Kf4 51. b4 Be5 52. c4 Bc3 53. b5 Bb4 54. Bg6 Bc5 55. Bf7 Ke5 56. Bd5 Kd4 57. a5 Kc3 58. b6 axb6 59. a6 b5 60. cxb5 Kb4 61. Bc6 Ka5 62. Kd3 Kb6 63. Bd7 Ka7 64. Bg4 Bb6 65. Kc4 Bc7 66.
Be2 Bb6 67. Kd5 Bc7 68. Kc6 Ba5 69. Bd3 Bb6 70. Kd7 Ba5 71. Be2 Bb6 72. Kc6 Ba5 73.
Bf3 Bb6 74. Be2 Ba5 1/2-1/2

[Event "*** SCC Grand Prix: Titled Tuesday Blitz"]
[Site "Chess.com"]
[Date "2020.07.21"]
[Round "4"]
[White "pastouche06"]
[Black "MendozaDavid2000"]
[Result "1-0"]
[WhiteElo "2528"]
[BlackElo "2284"]
[TimeControl "180+1"]
[EndTime "10:39:50 PDT"]
[Termination "pastouche06 won on time"]

1. d4 Nf6 2. c4 g6 3. f3 Bg7 4. e4 d6 5. Ne2 O-O 6. Be3 Nbd7 7. Qd2 e5 8. d5 a6 9. Nbc3 Rb8 10. Ng3 h5 11. Bd3 Kh7 12. O-O Ng8 13. b4 Bh6 14.
Rac1 h4 15. Nh1 f5 16. exf5 gxf5 17. g4 Bxe3+ 18. Qxe3 e4 19. Be2 Ne5 20. f4 Nxg4 21. Bxg4 fxg4 22. Nxe4 Bf5 23. Ng5+ Kg6 24. Nf2 Nh6 25.
Ne6 Bxe6 26. dxe6 Qf6 27. Nd3 Rbe8 28. Rce1 Kh5 29. Kh1 Rg8 30. Qe4 Nf5 31. Qxb7 g3 32. Rg1 gxh2 33. Qf3+ Kh6 34. Kxh2 Rg3 35. Rxg3 hxg3+ 36. Kg1 Rh8 37. e7 Qd4+ 38. Nf2 gxf2+ 39. Qxf2 Rg8+ 40.
Kf1 Qxf2+ 41. Kxf2 Nxe7 42. Rxe7 Rb8 43. Rxc7 Rxb4 44.
Rc6 Ra4 45. Rxd6+ Kg7 46. c5 Rxa2+ 47. Ke3 Kf7 48. Ke4 Ra4+ 49. Ke5 Ra5 50. Kd5 Ra4 51. f5 Rf4 52. f6 Rf5+ 53. Kc6 1-0

[Event "*** SCC Grand Prix: Titled Tuesday Blitz"]
[Site "Chess.com"]
[Date "2020.07.21"]
[Round "4"]
[White "GadimbayliA"]
[Black "Violord"]
[Result "1/2-1/2"]
[WhiteElo "2859"]
[BlackElo "2634"]
[TimeControl "180+1"]
[EndTime "10:39:56 PDT"]
[Termination "Game drawn by repetition"]

1. e4 g6 2. d4 Bg7 3. Nc3 c6 4. Nf3 d6 5. Be2 Nf6 6. O-O O-O 7. Be3 b5 8. a3 a6 9. h3 Nbd7 10.
e5 Ne8 11. Bf4 dxe5 12. dxe5 Nc7 13. Bg3 Ne6 14. Qd2 Qc7 15. Qe3 Bb7 16. Rad1 c5 17.
Ng5 Nxg5 18. Qxg5 e6 19. Rd6 b4 20. Nb1 Nb6 21. Rfd1 Bd5 22. h4 Qb7 23. Bf1 Nc8 24.
Rd8 Ne7 25. Rxf8+ Rxf8 26. h5 Nf5 27. Bf4 h6 28. Qg4 g5 29. Bh2 a5 30. Re1 bxa3 31. bxa3 Qb2 32. Qd1 a4 33. c4 Bc6 34. Qd2 Rb8 35.
Qa5 Qb6 36. Qc3 Nd4 37. Nd2 Qb2 38. Qd3 Qb7 39. Rb1 Qc7 40. Re1 Rb2 41. Ne4 Bxe4 42. Qxe4 Rb8 43. Bd3 Nf5 44. g4 Nd4 45. f4 gxf4 46.
Bxf4 Qc6 47. Qh7+ Kf8 48. Rf1 Nf3+ 49. Kf2 Ng5 50. Bxg5 hxg5 51. Ke3 Qd7 52. Qe4 Rb3 53. h6 Bxe5 54. Qa8+ Ke7 55. Qe4 Qd4+ 56. Qxd4 Bxd4+ 57. Ke4 Rxa3 58. h7 Ra2 59. Rh1 Bh8 60. Rb1 Rb2 61.
Ra1 Rb4 62. Ra2 Kd6 63. Rd2 Ke7 64. Ra2 Bg7 65. Rh2 Bh8 66. Ra2 1/2-1/2

[Event "*** SCC Grand Prix: Titled Tuesday Blitz"]
[Site "Chess.com"]
[Date "2020.07.21"]
[Round "4"]
[White "MisiekZielony"]
[Black "26andrej26"]
[Result "0-1"]
[WhiteElo "2247"]
[BlackElo "2521"]
[TimeControl "180+1"]
[EndTime "10:39:58 PDT"]
[Termination "26andrej26 won on time"]

1. c4 Nf6 2. Nc3 g6 3. g3 d6 4. Bg2 Bg7 5. e4 O-O 6. Nge2 c5 7. d3 Nc6 8. O-O Bg4 9. h3 Bxe2 10. Nxe2 Rb8 11. Rb1 a6 12. b3 b5 13. f4 Nd7 14.
Be3 Qa5 15. Qd2 Qxd2 16. Bxd2 Rfc8 17. h4 b4 18. Bh3 Rd8 19. Bxd7 Rxd7 20. Be3 a5 21. Rfd1 Bd4 22. Kf2 e5 23. Bxd4 exd4 24. g4 Ra7 25. Rd2 a4 26. Ke1 axb3 27. axb3 Ra3 28.
g5 Kg7 29. Nc1 h6 30. gxh6+ Kxh6 31. Rh2 Kg7 32. Rbb2 Ra1 33. Kd1 Rh8 34. Rbg2 Rh5 35.
Rg5 Rh6 36. Rd5 Na5 37. Kc2 Nb7 38. e5 Ra6 39. Kb2 Rh5 40. Ne2 dxe5 41. fxe5 Re6 42. Nf4 Rhxe5 43. Nxe6+ Rxe6 44. h5 Re3 45. Kc2 Re7 46.
hxg6 fxg6 47. Rg2 Rc7 48. Rgg5 Kf6 49. Rge5 Rg7 50. Rg5 Nd8 51. Rxc5 Ne6 52. Rgd5 Nxc5 53. Rxc5 g5 54. Kd2 g4 55. Ke2 g3 56. Kf1 g2+ 57.
Kg1 Rg3 58. Rb5 Rxd3 59. Rxb4 Rd2 60. c5 Ke5 61. c6 Kd6 62. Rc4 Kc7 63. b4 d3 64. Rd4 Kxc6 65. Rd8 Kb5 66. Rd4 Ka4 67. Kh2 Kb3 68. b5 Kc3 69. Rd5 Rb2 0-1

[Event "*** SCC Grand Prix: Titled Tuesday Blitz"]
[Site "Chess.com"]
[Date "2020.07.21"]
[Round "4"]
[White "ChronicUnhappiness"]
[Black "Bazarov04"]
[Result "1-0"]
[WhiteElo "2389"]
[BlackElo "2587"]
[TimeControl "180+1"]
[EndTime "10:39:59 PDT"]
[Termination "ChronicUnhappiness won on time"]

1. c4 e6 2. d4 f5 3. Nf3 Nf6 4. g3 d5 5. Bg2 Ne4 6. O-O Nc6 7. Nc3 Be7 8. Bf4 g5 9. Be5 Nxe5 10. Nxe5 c6 11. f3 Nd6 12. c5 Nf7 13. Nd3 O-O 14. f4 Bf6 15. e3 b6 16. b4 a5 17.
a3 Ba6 18. Rf2 Bc4 19. Nb2 b5 20. Nxc4 bxc4 21. b5 cxb5 22. Nxb5 a4 23. Rb1 Qa5 24. Qd2 Rfb8 25. Qxa5 Rxa5 26. Rfb2 gxf4 27. gxf4 Nd8 28.
Bf3 Nc6 29. Bd1 Kf8 30. Kf1 Ke7 31. Nc3 Rb3 32. Bxb3 axb3 33. a4 Kd7 34. Rg2 Ra8 35. Ke2 Ke7 36. Rbg1 Kf7 37. Kd2 Nb4 38. h4 Nc6 39. h5 Nb4 40. h6 Nd3 41. Rg7+ Bxg7 42. hxg7 Kg8 43. Rf1 h5 44. Rg1 h4 45. Rh1 Kxg7 46. Rxh4 Nb4 47. Rh1 Kg6 48. Rg1+ Kf7 49. Rh1 Kg7 50. Rg1+ Kf7 51. Rh1 Rg8 52. Rh2 Rg1 53. c6 Nxc6 54. Rh7+ Kf6 55. Rc7 Nb4 56. Rb7 Rg2+ 57. Kd1 Nd3 58. a5 b2 59. a6 Rg1+ 60. Kc2 Rc1+ 61. Kd2 Ra1 62. a7 Kg6 63. Nd1 Ra2 64. Nxb2 1-0

[Event "*** SCC Grand Prix: Titled Tuesday Blitz"]
[Site "Chess.com"]
[Date "2020.07.21"]
[Round "4"]
[White "Zmof"]
[Black "chesstrainer2042"]
[Result "1/2-1/2"]
[WhiteElo "2178"]
[BlackElo "2459"]
[TimeControl "180+1"]
[EndTime "10:39:59 PDT"]
[Termination "Game drawn by agreement"]

1. e4 e5 2. Bc4 Nf6 3. d3 c6 4. Nf3 d5 5. Bb3 Bb4+ 6. Bd2 Bd6 7. exd5 Nxd5 8. O-O O-O 9. Re1 Re8 10. Nc3 Nxc3 11. Bxc3 Nd7 12. d4 e4 13. Ne5 Bxe5 14. dxe5 Nc5 15. Qh5 Be6 16. Rad1 Qc8 17. h3 a5 18. Bd4 Nxb3 19. axb3 c5 20. Bc3 a4 21. bxa4 Rxa4 22.
Rd6 Bf5 23. Red1 Bg6 24. Qh4 Ra8 25. Qg4 Qxg4 26. hxg4 b5 27. Rc6 Rac8 28. Rdd6 e3 29. fxe3 Bxc2 30. Rxc8 Rxc8 31. e6 f6 32. e7 Re8 33.
Rd8 Kf7 34. Rxe8 Kxe8 35. g5 Kxe7 36. gxf6+ gxf6 37. Kf2 Be4 38. g3 f5 39. Be5 Ke6 40. Bf4 Kd5 41. Ke1 Kc4 42. Kd2 Kb3 43. Kc1 c4 44.
Be5 b4 45. Bd4 Ka2 46. Be5 h5 47. Bd4 Kb3 48. Be5 Bd5 49. Bd4 Ka2 50. Be5 c3 51. bxc3 b3 52. c4 Bxc4 53. Bd4 Bd3 54. Be5 Be4 55. Bd4 Ka3 56. Be5 Kb4 57. Kb2 Kc4 58.
Bd4 Bc2 59. Be5 Kd3 60. Bf4 Ke2 61. Bg5 Kf3 62. Bf4 Bd1 63. Kc3 Kg4 64. Kb2 Bc2 65. Kc3 Kf3 66. Kb2 Kg4 67. Kc3 h4 68. gxh4 Kxh4 69.
Kb2 Kg4 70. Kc3 1/2-1/2

[Event "*** SCC Grand Prix: Titled Tuesday Blitz"]
[Site "Chess.com"]
[Date "2020.07.21"]
[Round "4"]
[White "jerry_77"]
[Black "MomchilPetkov"]
[Result "1-0"]
[WhiteElo "2377"]
[BlackElo "2578"]
[TimeControl "180+1"]
[EndTime "10:40:01 PDT"]
[Termination "jerry_77 won by checkmate"]

1. e4 c5 2. Nf3 d6 3. d4 cxd4 4. Nxd4 Nf6 5. Nc3 a6 6. Be3 e5 7. Nb3 Be6 8. h3 h5 9. f4 exf4 10. Bxf4 Nc6 11. Qd2 Be7 12. O-O-O Ne5 13. Nd4 Qc7 14. Be2 b5 15. Nd5 Nxd5 16. exd5 Bd7 17. Rhe1 Bf6 18. Kb1 g6 19. g4 hxg4 20. hxg4 Kf8 21.
Rf1 Kg8 22. Bh6 Bg7 23. g5 Bxh6 24. gxh6 Qd8 25. Nf3 Qe7 26. Qf4 Bf5 27. Nd4 Bd7 28. Rde1 Kh7 29. Bd1 Raf8 30. Nf3 f6 31. c3 Bf5+ 32.
Ka1 Qa7 33. Nd4 Bd7 34. Bc2 Rhg8 35. Rg1 Rf7 36. a3 a5 37. Qg3 b4 38. cxb4 axb4 39.
Ne6 bxa3 40. Qxa3 Qxa3+ 41. bxa3 Ra8 42. Rxe5 fxe5 43. Bxg6+ Kxh6 44. Bxf7 Bb5 45. Rg6+ Kh5 46. Rg8+ Kh4 47. Rxa8 Bc4 48. Kb2 Bxd5 49. Rh8+ Kg4 50.
Nd8 Be4 51. Be6+ Kf3 52. Rg8 d5 53. Rf8+ Ke3 54. Nc6 d4 55. Nxe5 d3 56. Nc4+ Ke2 57. Rd8 d2 58. Rxd2+ Kf3 59. Kc3 Kg3 60. Rd4 Bf3 61.
Rd3 Kf2 62. Rxf3+ Kxf3 63. Bd5+ Kf4 64. Kd4 Kg5 65. Ne5 Kf6 66. Nf3 Ke7 67. Ke5 Kd8 68. Kd6 Kc8 69. Ne5 Kb8 70. Kc5 Ka7 71. Be6 Ka6 72. Bd7 Ka5 73. Nc4+ Ka6 74. Bb5+ Ka7 75.
Kc6 Kb8 76. Ba6 Ka7 77. Bb7 Kb8 78. Nd6 Ka7 79. Bc8 Kb8 80. Kb6 Ka8 81. Ba6 Kb8 82. Nb5 Ka8 83. Nc3 Kb8 84. Nd5 Ka8 85. Ne7 Kb8 86.
a4 Ka8 87. Bb7+ Kb8 88. Nc6# 1-0

[Event "*** SCC Grand Prix: Titled Tuesday Blitz"]
[Site "Chess.com"]
[Date "2020.07.21"]
[Round "4"]
[White "Alexander_Moskalenko"]
[Black "Sanan_Sjugirov"]
[Result "1/2-1/2"]
[WhiteElo "2782"]
[BlackElo "2990"]
[TimeControl "180+1"]
[EndTime "10:40:04 PDT"]
[Termination "Game drawn by repetition"]

1. e4 c5 2. Nf3 Nc6 3. Nc3 Nf6 4. d4 cxd4 5. Nxd4 e5 6. Ndb5 d6 7. Bg5 a6 8. Na3 b5 9. Nd5 Be7 10. Bxf6 Bxf6 11. c3 O-O 12. Nc2 Rb8 13. g3 Bg5 14.
Bg2 Ne7 15. Ncb4 Nxd5 16. Nxd5 Kh8 17. O-O f5 18. exf5 Bxf5 19. Nb4 Rb6 20. a4 bxa4 21. Rxa4 Bd7 22. Ra2 Bb5 23. Re1 Qd7 24. b3 Qc8 25.
h4 Bd8 26. Nd5 Rb7 27. c4 Be8 28. Be4 Rbf7 29. Qd3 h6 30. Kg2 Bc6 31. f3 Bb7 32.
Rf2 a5 33. Nc3 Bb6 34. Rff1 Bd4 35. Nb5 Bxe4 36. Rxe4 Bc5 37. Nxd6 Rd7 38. Rxe5 Rxd6 39.
Qe2 Rdf6 40. f4 Bd6 41. Rxa5 Qb7+ 42. Rd5 Bb4 43. Rf3 Qa7 44. Qd3 Qa1 45. Rf1 Qa2+ 46.
Rf2 Qa8 47. h5 Be1 48. Re2 Bb4 49. Re4 Bd6 50. Kf3 Bb4 51. Rd7 Qa1 52. Kg2 Qb2+ 53. Re2 Qa1 54. Rd8 Bc5 55. Rd5 Qg1+ 56. Kh3 Qf1+ 57. Kg4 Rxf4+ 58. gxf4 Rxf4+ 59. Kg3 Rf8 60. Rg2 Bf2+ 61. Kh2 Qe1 62. Qg6 Qe7 63. Kh3 Qe3+ 64.
Kh2 Qf4+ 65. Kh1 Qh4+ 66. Rh2 Qf4 67. Rg2 Qc1+ 68. Kh2 Qf4+ 69. Kh1 1/2-1/2

[Event "*** SCC Grand Prix: Titled Tuesday Blitz"]
[Site "Chess.com"]
[Date "2020.07.21"]
[Round "4"]
[White "Onegust"]
[Black "Chessbard1972"]
[Result "1-0"]
[WhiteElo "2581"]
[BlackElo "2311"]
[TimeControl "180+1"]
[EndTime "10:40:06 PDT"]
[Termination "Onegust won by checkmate"]

1. e4 c5 2. Nf3 a6 3. c3 d5 4.
exd5 Qxd5 5. d4 Nf6 6. Be3 cxd4 7.
cxd4 Bg4 8. Be2 e6 9. Nc3 Qd6 10. Qb3 Qb4 11. Qc2 Nc6 12. O-O Be7 13. Rfe1 O-O 14.
a3 Qd6 15. Rad1 Rfd8 16. h3 Bh5 17. Ng5 Bg6 18. Bd3 Bxd3 19. Rxd3 h6 20. Nge4 Nxe4 21. Nxe4 Qd5 22. Nc3 Qf5 23. Qd2 Bf6 24. Rd1 Rd7 25. Na4 Rad8 26. Nc5 Re7 27. b4 b6 28. Na4 Rb7 29. d5 Ne5 30. Rd4 Ng6 31. Rd3 e5 32.
Bxb6 Rdb8 33. Be3 e4 34. Rb3 Be5 35. Nc5 Nf4 36. Bxf4 Bxf4 37. Qd4 Rb6 38. Qxe4 Qg5 39. Rbd3 Rg6 40. d6 f5 41. Qf3 Rd8 42. d7 Bc7 43.
Nb7 Re6 44. Nxd8 Bxd8 45. Re3 Rxe3 46. Qxe3 Qg6 47. Qe8+ Kh7 48. Qxg6+ Kxg6 49. Re1 Kf7 50. Re8 Bf6 51. d8=Q Bxd8 52. Rxd8 g5 53. Ra8 f4 54. Rxa6 g4 55. Ra7+ Kf6 56. hxg4 Kg5 57. Ra5+ Kxg4 58. Kh2 h5 59. Rd5 Kh4 60. g3+ Kg4 61.
Rd4 Kf3 62. Rxf4+ Ke2 63. b5 Kf1 64. b6 Ke2 65. b7 Kd3 66. b8=Q Kc3 67. Qc7+ Kd3 68.
Qc4+ Kd2 69. Re4 Kd1 70. Re2 h4 71. Qc2# 1-0

[Event "*** SCC Grand Prix: Titled Tuesday Blitz"]
[Site "Chess.com"]
[Date "2020.07.21"]
[Round "4"]
[White "XiaoKangZhong"]
[Black "alexrustemov"]
[Result "0-1"]
[WhiteElo "2350"]
[BlackElo "2687"]
[TimeControl "180+1"]
[EndTime "10:40:06 PDT"]
[Termination "alexrustemov won by checkmate"]

1. e4 e6 2. d4 d5 3. Nd2 c5 4. exd5 Qxd5 5. Ngf3 cxd4 6. Bc4 Qd7 7.
O-O Nf6 8. Nb3 Nc6 9. Nbxd4 Nxd4 10. Nxd4 a6 11. Be3 b5 12. Be2 Bb7 13. Bf3 Rd8 14. a4 b4 15. Nb3 Qxd1 16. Bxd1 Bd6 17. Be2 Nd5 18. Bc5 Ke7 19. Rfd1 Rc8 20. Bxd6+ Kxd6 21. Rac1 Rc7 22. c4 bxc3 23. bxc3 Ke7 24. c4 Nf4 25. Bf1 Rhc8 26. Na5 Bxg2 27. Bxg2 Ne2+ 28. Kf1 Nxc1 29. Rxc1 Rc5 30. Nb3 Rxc4 31. Ra1 Rb4 32. Nd2 Rc2 33. Ke2 Rbb2 34. Rd1 Ra2 35. Be4 Rcb2 36.
Ke3 f5 37. Bd3 Rxa4 38. Rc1 Rb7 39. Nc4 Rc7 40. Rc2 Kf6 41. f4 a5 42. Ne5 Rxc2 43.
Bxc2 Ra3+ 44. Bd3 a4 45. Nf3 Ra1 46. Kd2 a3 47. Bc4 h6 48. Kc3 Rb1 49. Nd4 Rb2 50. Ne2 Rb1 51. Nd4 Rh1 52. Nc2 Rxh2 53. Nxa3 Rh3+ 54.
Bd3 Rf3 55. Nc2 Rxf4 56. Nd4 g5 57. Ne2 Ke5 58. Kd2 g4 59. Nxf4 Kxf4 60. Ke2 e5 61. Kf2 e4 62. Be2 h5 63. Bf1 h4 64. Bg2 Kg5 65. Bf1 Kf4 66. Kg2 Ke5 67. Kf2 f4 68. Ke2 g3 69. Bh3 Kd4 70. Kd2 f3 71. Ke1 e3 72.
Kf1 Ke4 73. Ke1 Kf4 74. Kf1 e2+ 75. Ke1 Ke3 76. Bf1 f2# 0-1

[Event "*** SCC Grand Prix: Titled Tuesday Blitz"]
[Site "Chess.com"]
[Date "2020.07.21"]
[Round "4"]
[White "VovenRogel"]
[Black "gena217"]
[Result "1-0"]
[WhiteElo "2753"]
[BlackElo "2901"]
[TimeControl "180+1"]
[EndTime "10:40:08 PDT"]
[Termination "VovenRogel won by checkmate"]

1. d4 Nf6 2. c4 e6 3. Nf3 d5 4.
e3 b6 5. Nc3 Bb7 6. Be2 Bd6 7.
O-O O-O 8. b3 Nbd7 9. Nb5 Be7 10.
Bb2 a6 11. Nc3 Bd6 12. Rc1 Qe7 13. Qc2 Rac8 14. Rfd1 h6 15. Qb1 Rfe8 16. cxd5 exd5 17. Qf5 g6 18. Qh3 h5 19. Bd3 Ne4 20. Bb1 Rcd8 21.
Qh4 Qxh4 22. Nxh4 Ndf6 23. h3 c6 24. Nf3 a5 25. Na4 Nd7 26. Nd2 Nxd2 27. Rxd2 Rc8 28. Bd3 b5 29. Nc3 Kf8 30. Rdc2 Nb6 31. a4 b4 32. Nb1 Nd7 33. Nd2 f5 34. Nf3 Ke7 35. g3 Rc7 36. Nh4 Kf7 37. Kg2 Rec8 38. g4 hxg4 39. hxg4 fxg4 40. Bxg6+ Kf6 41. Bd3 c5 42. Nf5 Bf8 43. dxc5+ Kg5 44. c6 Rxc6 45. Rxc6 Rxc6 46. Rh1 d4 47. Be4 Rc7 48. Bxb7 Kxf5 49. Ba6 dxe3 50.
Bd3+ Kg5 51. Bc1 Bc5 52. fxe3 Ne5 53. Be2 Rd7 54. Rd1 Rxd1 55. Bxd1 Kf5 56. Bc2+ Kg5 57. Be4 Bd6 58. Bb2 Kf6 59. Bd4 Ke6 60. Bb6 Kd7 61. Bxa5 Bc5 62. Kg3 Bxe3 63. Bxb4 Bb6 64. Bc3 Bc7 65.
a5 Nc6+ 66. Kxg4 Nxa5 67. b4 Nc4 68. Bf5+ Kc6 69. Bd3 Nd6 70. Be5 Nb7 71. Be4+ Kb6 72. Bd4+ Ka6 73. Bd3# 1-0